 Dungeon Crawl Stone Soup version 0.31-a0-885-gbe960a18b5 (webtiles) character file.

Game seed: 7435864936193645985

154 BinkBink the Trooper (level 5, -9/33 HPs)
             Began as a Gargoyle Monk on Oct 16, 2023.
             Mangled by an ice beast (13 damage)
             ... on level 6 of the Dungeon.
             The game lasted 00:02:40 (1607 turns).

BinkBink the Trooper (Gargoyle Monk)                Turns: 1607, Time: 00:02:40

Health: -9/33      AC:  8    Str: 17    XL:     5   Next: 36%
Magic:  5/5        EV: 12    Int: 15    God:
Gold:   135        SH:  0    Dex: 11    Spells: 4/4 levels left

rFire   . . .        a - +0 hand axe
rCold   . . .        d - orb {light}
rNeg    + . .        e - +0 leather armour of Daud {Str+2}
rPois   ∞            k - +0 helmet
rElec   +            (no cloak)
rCorr   .            (no gloves)
SInv    .            (no boots)
Will    +....        (no amulet)
Stlth   +            (no ring)
HPRegen 0.25/turn    (no ring)
MPRegen 0.09/turn

%: no passive effects
@: brilliant, about to teleport, enlightened, flying, glowing
A: sickness immunity, AC +4, negative energy resistance 1, electricity
resistance, torment resistance 1, petrification resistance, clever 1, screaming
1
a: no special abilities


You were on level 6 of the Dungeon.
You visited 1 branch of the dungeon, and saw 4 of its levels.

You collected 135 gold pieces.

Inventory:

Hand Weapons
 a - a +0 hand axe (weapon)
Armour
 d - an orb of light (worn)
 e - the +0 leather armour of Daud (worn) {Str+2}
   (You found it on level 3 of the Dungeon)

   Str+2:     It affects your strength (+2).
 k - a +0 helmet (worn)
Wands
 j - a wand of flame (12)
Potions
 c - a potion of ambrosia
 f - a potion of degeneration


   Skills:
 + Level 4.1 Fighting
 * Level 3.9 Axes
 + Level 2.2 Armour
 + Level 3.0 Dodging


You had 4 spell levels left.
You didn't know any spells.
Your spell library contained the following spells:

 Spells                   Type           Power      Damage    Failure   Level
 Dispel Undead            Necr           0%         3d6       97%         4
 Death Channel            Necr           0%         N/A       100%        6
 Cigotuvi's Dreadful Rot  Necr/Pois/Air  Unusable   N/A       N/A         2

Dungeon Overview and Level Annotations

Branches:
Dungeon (6/15)
 Temple: D:4-7

Altars:
Kikubaaqudgha


Innate Abilities, Weirdness & Mutations

You are immune to sickness and miasma.
Your stone body is resilient. (AC +4)
You are immune to poison.
You resist negative energy. (rN+)
You are resistant to electric shocks. (rElec)
You are resistant to unholy torment.
You are immune to petrification.
Your mind is acute. (Int +4, Str/Dex -1)
You occasionally shout uncontrollably at your foes.


Message History

An ice beast is nearby!
An ice beast is nearby!
The ice beast hits you but does no damage.
You hit the ice beast.
The ice beast is lightly wounded.
The ice beast misses you.
You hit the ice beast but do no damage.
The ice beast is lightly wounded.
The ice beast hits you. The ice beast freezes you!
You are too injured to fight recklessly!
You are too injured to fight recklessly!
You are too injured to fight recklessly!
You hit the ice beast but do no damage.
The ice beast is lightly wounded.
The ice beast hits you but does no damage.
You barely miss the ice beast.
The ice beast is lightly wounded.
The ice beast hits you. The ice beast freezes you.
* * * LOW HITPOINT WARNING * * *
As you read the scroll labelled OXTEUVV MAMO, it crumbles to dust.
It is a scroll of identify.
f - a potion of degeneration The ice beast closely misses you.
It was a potion of mutation.
You feel extremely strange.
You feel clever.
You feel the urge to shout.
The ice beast hits you but does no damage.
It was a potion of brilliance.
You feel clever all of a sudden. The ice beast closely misses you.
It was a potion of enlightenment.
You feel very buoyant.
You fly up into the air.
The ice beast closely misses you.
It was a potion of magic.
Magic courses through your body. The ice beast barely misses you.
Okay, then.
As you read the scroll of teleportation, it crumbles to dust.
You feel strangely unstable. The ice beast hits you.
* * * LOW HITPOINT WARNING * * *
The ice beast freezes you!
You die...

.... ...### .....
#...## .....# #...#
# #..# #.##..#
#.Y@..# ####.## #.#
########.#######
####...............
#......###...######
#.##.#.##.....#
#.##.#.###...##
##.##.#.# ##.##


You could see an ice beast.

Vanquished Creatures
  A sleepcap (D:6)
  Jessica (D:2)
  An iguana (D:6)
  3 adders (D:2)
  2 worms (D:2)
  An orc (D:2)
  2 endoplasms
  3 giant cockroaches
  2 goblins (D:1)
  3 hobgoblins
  2 jackals (D:2)
  4 quokkas
  2 ball pythons (D:1)
  7 bats
  2 frilled lizards
  7 kobolds
  3 rats
46 creatures vanquished.

Notes
Turn   | Place    | Note
-------+----------+-------------------------------------------
     0 | D:1      | BinkBink the Gargoyle Monk began the quest for the Orb.
     0 | D:1      | Reached XP level 1. HP: 14/14 MP: 1/1
   108 | D:1      | Reached XP level 2. HP: 17/19 MP: 2/2
   303 | D:1      | Found a faded altar of an unknown god.
   717 | D:2      | Reached skill level 1 in Armour
   728 | D:2      | Reached XP level 3. HP: 20/23 MP: 3/3
   744 | D:2      | Noticed Jessica
   754 | D:2      | Killed Jessica
   755 | D:2      | Reached XP level 4. HP: 27/29 MP: 4/4
  1082 | D:2      | Found an ancient bone altar of Kikubaaqudgha.
  1316 | D:3      | Identified the +0 leather armour of Daud {Str+2}
  1358 | D:3      | You fall into a shaft and drop 3 floors!
  1469 | D:6      | Reached skill level 4 in Fighting
  1469 | D:6      | Reached XP level 5. HP: 22/33 MP: 5/5
  1596 | D:6      | Noticed an ice beast
  1603 | D:6      | Gained mutation: Your mind is acute. (Int +4, Str/Dex -1)
                  | [potion of mutation]
  1603 | D:6      | Gained mutation: You occasionally shout uncontrollably at
                  | your foes. [potion of mutation]
  1607 | D:6      | Mangled by an ice beast

Illustrated notes

Levels and vault maps discovered:
D:1:      minmay_arrival_radiant_lines, layout_loops_ring,
          shapermc_ecumenical_altar_notcrosses, hangedman_decor_clover_reticule
D:2:      layout_rooms, basic_altar, skrybe_limestone_x, uniq_jessica
D:3:      layout_loops_ring, xom_redecorated, gammafunk_ghost_abyssal_escape,
          uniq_terence, uniq_ijyb
D:6:      layout_loops_corners, ebering_ghost_sewer_d,
          ebering_dispersal_statue_hall

Skill      XL: |  1  2  3  4 |
---------------+-------------+-----
Axes           | 3 |  3.9
Armour         | 1 2 |  2.2
Fighting       | 4 |  4.1
Dodging        | 3 |  3.0

Action                     |  1- 3 |  4- 6 || total
---------------------------+-------+-------++-------
  Melee: Hand axe          |    76 |    91 ||   167
    Use: Scroll            |       |     4 ||     4
         Potion            |       |     4 ||     4
 Armour: Robe              |    42 |    29 ||    71
         Leather armour    |       |    24 ||    24
  Dodge: Dodged            |    45 |    55 ||   100

Table legend: (Time is in decaauts)
 A = Elapsed time spent in this place.
 B = Non-inter-level travel time spent in this place.
 C = Inter-level travel time spent in this place.
 D = Time resting spent in this place.
 E = Time spent auto-exploring this place.
 F = Levels seen in this place.
 G = Mean time per level.
                   A        B        C        D        E       F      G
               +--------+--------+--------+--------+--------+-----+--------+
         Total |   1631 |   1562 |     69 |     68 |   1123 |   4 |  407.8 |
       Dungeon |   1631 |   1562 |     69 |     68 |   1123 |   4 |  407.8 |
               +--------+--------+--------+--------+--------+-----+--------+

Top non-repeatable levels by time:
     D:1: 725 daAuts
     D:2: 603 daAuts
     D:6: 252 daAuts
     D:3: 50 daAuts
